 Dungeon Crawl Stone Soup version 0.29.1-1-gd02db6906a (webtiles) character file.

Game seed: 14445034424601857834

264 smilodon the Conjurer (level 5, -2/28 HPs)
             Began as a Deep Elf Conjurer on Oct 7, 2022.
             Was an Initiate of Qazlal.
             Slain by Pargi (6 damage)
             ... in a sewer.
             The game lasted 00:11:59 (3814 turns).

smilodon the Conjurer (Deep Elf Conjurer)           Turns: 3814, Time: 00:12:00

Health: -2/28      AC:  5    Str:  4    XL:     5   Next: 98%
Magic:  13/14      EV: 13    Int: 27    God:    Qazlal [......]
Gold:   127        SH:  0    Dex: 13    Spells: 4/14 levels left

rFire   + . .      SeeInvis +   p - staff of cold
rCold   + . .      Faith    .   (no shield)
rNeg    . . .      Spirit   .   a - +0 robe
rPois   .          Reflect  .   g - +0 helmet
rElec   .          Harm     .   (no cloak)
rCorr   .          Rampage  .   k - +0 pair of gloves
Will    .....                   l - +0 pair of boots of Duucw {rF+ Int+2 SInv}
Stlth   ++........              (no amulet)
HPRegen 0.09/turn               (no ring)
MPRegen 0.14/turn               (no ring)

@: brilliant, about to teleport
A: no striking features
a: Renounce Religion


You were in a sewer.
You worshipped Qazlal.
Qazlal was noncommittal.
You visited 1 branch of the dungeon, and saw 4 of its levels.
You also visited: Sewer.

You collected 127 gold pieces.

Inventory:

Hand Weapons
 n - a +2 dagger of freezing
Missiles
 i - 5 poisoned darts
Armour
 a - a +0 robe (worn)
 e - a +0 pair of boots
 g - a +0 helmet (worn)
 k - a +0 pair of gloves (worn)
 l - the +0 pair of boots of Duucw (worn) {rF+ Int+2 SInv}
   (You found it on level 4 of the Dungeon)

   Int:       It affects your intelligence (+2).
   rF:        It protects you from fire.
   SInv:      It lets you see invisible.
Magical Staves
 p - a staff of cold (weapon)
Jewellery
 m - a ring of wizardry
Wands
 o - a wand of roots (3)
Scrolls
 c - 2 scrolls of amnesia
 h - a scroll of vulnerability
 j - 2 scrolls of identify


   Skills:
 - Level 3.3 Dodging
 - Level 3.5 Stealth
 + Level 5.1 Spellcasting
 + Level 5.7 Conjurations
 + Level 3.0 Hexes


You had 4 spell levels left.
You knew the following spells:

 Your Spells              Type           Power      Damage    Failure   Level
a - Magic Dart            Conj           100%       1d8       1%          1
b - Searing Ray           Conj           100%       2d8       1%          2
c - Dazzling Flash        Conj/Hex       92%        N/A       3%          3
d - Fulminant Prism       Conj/Hex       23%        3d13      12%         4

Your spell library contained the following spells:

 Spells                   Type           Power      Damage    Failure   Level
 Iskenderun's Mystic Bla  Conj/Tloc      33%        2d8       22%         4


Dungeon Overview and Level Annotations

Branches:
Dungeon (4/15)              Sewer (1/1)
 Temple: D:4-7

Altars:
Qazlal

Annotations:
Sewer Pargi


Message History

Okay, then.
Casting: Searing Ray (safe; 1% risk of failure)
Confirm with . or Enter, or press ? or * to list all spells.
Okay, then.
Casting: Searing Ray (safe; 1% risk of failure)
Confirm with . or Enter, or press ? or * to list all spells.
Casting: Dazzling Flash (dangerous; 3% risk of failure)
Press: ? - help, Dir - look around, f - activate Pargi is dazzled.
Pargi bites you.
* * * LOW HITPOINT WARNING * * *
Pargi closely misses you. x2
Pargi is no longer blind.
There is an empty arch of ancient stone here.
Pargi attacks as you move away! Pargi bites you but does no damage.
Pargi closely misses you. Pargi claws you.
* * * LOW HITPOINT WARNING * * *
You feel better. Pargi barely misses you. Pargi claws you but does no damage.
Pargi claws you.
You feel clever all of a sudden. Pargi barely misses you.
Pargi claws you but does no damage. x2
Magic courses through your body. Pargi bites you. Pargi closely misses you.
Pargi misses you. Pargi attacks as you move away! Pargi bites you.
Pargi claws you but does no damage. Pargi barely misses you.
Casting: Dazzling Flash (dangerous; 3% risk of failure)
Confirm with . or Enter, or press ? or * to list all spells.
Aiming: Searing Ray (safe; 1% risk of failure)
Press: ? - help, Shift-Dir - straight line, f - Pargi
Aim: Pargi (79% to hit)
You feel a surge of power!
The searing ray hits Pargi!
Pargi is moderately wounded. (Press . to maintain the ray.) Pargi bites you.
Pargi misses you. Pargi claws you but does no damage.
The searing ray misses Pargi.
Pargi bites you.
* * * LOW HITPOINT WARNING * * *
Pargi misses you. Pargi claws you.
* * * LOW HITPOINT WARNING * * *
As you read the scroll of teleportation, it crumbles to dust.
You feel strangely unstable. Pargi bites you.
You die...

### #∩# #@#
#+##+##T##+##+##+#
.................#
~~~~~~~.~~~~~~~~~#
≈≈≈≈≈≈≈∩≈≈≈≈≈≈≈≈≈#
~~~~~~~.~~~~~~~~~#
.................#
#+##+##'##'##+##+#
#.##.#


You could see Pargi.

Vanquished Creatures
  A howler monkey (D:4)
  Natasha (thrice) (D:4)
  2 gnolls (D:3)
  5 adders
  A river rat (D:4)
  A worm (D:3)
  2 dart slugs (D:2)
  7 orcs
  9 bats
  6 endoplasms
  3 giant cockroaches
  7 goblins
  2 hobgoblins
  2 jackals (D:2)
  5 kobolds
  A quokka (D:2)
  6 ball pythons
  2 frilled lizards
  8 rats
73 creatures vanquished.

Vanquished Creatures (others)
  11 plants (D:3)
11 creatures vanquished.

Grand Total: 84 creatures vanquished

Notes
Turn   | Place    | Note
-------+----------+-------------------------------------------
     0 | D:1      | smilodon the Deep Elf Conjurer began the quest for the Orb.
     0 | D:1      | Reached XP level 1. HP: 10/10 MP: 6/6
   288 | D:1      | Reached XP level 2. HP: 15/15 MP: 6/8
   754 | D:1      | Learned a level 2 spell: Searing Ray
   963 | D:2      | Reached XP level 3. HP: 19/19 MP: 2/10
  1129 | D:2      | Learned a level 3 spell: Dazzling Flash
  1506 | D:2      | Found a faded altar of an unknown god.
  1795 | D:2      | Reached XP level 4. HP: 24/24 MP: 8/11
  2129 | D:3      | Reached skill level 5 in Conjurations
  2192 | D:3      | Found a stormy altar of Qazlal.
  2307 | D:3      | Became a worshipper of Qazlal Stormbringer
  2456 | D:3      | Reached skill level 1 in Hexes
  2839 | D:3      | Reached XP level 5. HP: 28/28 MP: 11/13
  3273 | D:4      | Learned a level 4 spell: Fulminant Prism
  3339 | D:4      | Noticed Natasha
  3342 | D:4      | Killed Natasha
  3534 | D:4      | Identified the +0 pair of boots of Duucw {rF+ Int+2 SInv}
  3614 | D:4      | Noticed Natasha
  3620 | D:4      | Killed Natasha
  3637 | D:4      | Noticed Natasha
  3642 | D:4      | Killed Natasha
  3643 | D:4      | Reached skill level 5 in Spellcasting
  3768 | D:4      | Found a glowing drain.
  3777 | Sewer    | Entered a sewer
  3790 | Sewer    | Noticed Pargi
  3814 | Sewer    | Slain by Pargi

Illustrated notes

Levels and vault maps discovered:
D:1:      dpeg_arrival_pits, layout_rooms, chequers_jeans,
          hangedman_decor_growths, hangedman_decor_peaks_small
D:2:      minmay_skewed_foursquare, layout_loops_ring,
          hellmonk_ecumenical_altar_pennies_from_heaven
D:3:      layout_basic, grunt_qazlal_sundering, minmay_misc_feat_tower,
          nicolae_grassy_gnolls
D:4:      layout_basic, mainiacjoe_overflow_boulevard,
          cheibrodos_sewer_entry_sluice, uniq_natasha, uniq_blork_the_orc,
          uniq_robin
Sewer:    kennysheep_door_sewer

Skill      XL: |  1  2  3  4  5 |
---------------+----------------+-----
Stealth        | 3 |  3.5
Dodging        | 3 |  3.3
Conjurations   | 5 |  5.7
Spellcasting   | 4 5 |  5.1
Hexes          | 1 3 |  3.0

Action                   |  1- 3 |  4- 6 || total
-------------------------+-------+-------++-------
 Cast: Magic Dart        |    68 |    63 ||   131
       Searing Ray       |     2 |    15 ||    17
       Dazzling Flash    |       |     3 ||     3
  Use: Potion            |     4 |     4 ||     8
       Scroll            |     3 |     4 ||     7
Armor: Robe              |     5 |    10 ||    15
Dodge: Dodged            |     6 |    33 ||    39
